 Dungeon Crawl Stone Soup version 0.32-a0-871-ge202e49faa (webtiles) character file.

Game seed: 13747707081532438765

110757 KennySheep the Bludgeoner (level 16, -1/183 HPs)
             Began as a Human Chaos Knight on Mar 29, 2024.
             Was the Champion of Lugonu.
             Drowned by a water nymph (13 damage)
             ... on level 1 of the Shoals.
             The game lasted 01:53:16 (31313 turns).

KennySheep the Bludgeoner (Human Chaos Knight)     Turns: 31313, Time: 01:53:16

Health: -1/183     AC: 39    Str: 17    XL:     16   Next: 55%
Magic:  24/24      EV:  8    Int: 18    God:    Lugonu [******]
Gold:   1327       SH:  5    Dex: 18    Spells: 12/15 levels left

rFire   + . .        s - +8 executioner's axe of the Destroying Gods {speed, *Slow rN+ Will+}
rCold   + . .        (shield currently unavailable)
rNeg    + + .        r - +8 plate armour of the Shining Light {Int+3 Dex+3}
rPois   .            D - +2 helmet
rElec   .            I - scarf of the Old and Reckless {rC+ rF+, rN+ Dex+2}
rCorr   .            f - +3 pair of gloves of Idealism {Will++ Int+2 Dex-3}
SInv    .            E - +3 pair of seven-league boots {Rampage+∞}
Will    ++...        h - amulet of reflection Stlth
                     k - +4 ring of slaying
HPRegen 0.50/turn    L - +4 ring of protection
MPRegen 0.19/turn

%: slow self (1%), reflection, rampage+∞
@: berserking, lit by a corona, weak-willed, hasted, glowing, studying Armour,
very quick
A: explore regen, screaming 1
a: Renounce Religion, Depart the Abyss, Banish, Corrupt, Enter the Abyss, Brand
Weapon With Distortion


You were on level 1 of the Shoals.
You worshipped Lugonu.
Lugonu was exalted by your worship.
You visited 4 branches of the dungeon, and saw 23 of its levels.
You also visited: Bailey.

You collected 2297 gold pieces.
You spent 970 gold pieces at shops.

Inventory:

Hand Weapons
 a - the +1 eveningstar "Brilliance" {foul flame, Umbra}
   (You found it in a bailey)

   Umbra:     It surrounds you with an aura of shadow, increasing your stealth
   and reducing the accuracy of all others within it.
 s - the +8 executioner's axe of the Destroying Gods (weapon) {speed, *Slow rN+ Will+}
   (You took it off a centaur warrior on level 14 of the Dungeon)

   rN+:       It protects you from negative energy.
   Will+:     It increases your willpower.
   *Slow:     It may slow you when you take damage.
Missiles
 t - 5 silver javelins (quivered)
 y - a throwing net
Armour
 f - the +3 pair of gloves of Idealism (worn) {Will++ Int+2 Dex-3}
   (You found it in a bailey)

   Int+2:     It affects your intelligence (+2).
   Dex-3:     It affects your dexterity (-3).
   Will++:    It greatly increases your willpower.
 r - the +8 plate armour of the Shining Light (worn) {Int+3 Dex+3}
   (You found it on level 2 of the Dungeon)

   Int+3:     It affects your intelligence (+3).
   Dex+3:     It affects your dexterity (+3).
 A - a +2 kite shield of protection
 D - a +2 helmet (worn)
 E - the +3 pair of seven-league boots (worn) {Rampage+∞}
   (You bought it in a shop on level 2 of the Orcish Mines)

   Rampage+∞: When moving toward enemies, its wearer moves as far as possible,
   alerting their target en route.
 I - the scarf of the Old and Reckless (worn) {rC+ rF+, rN+ Dex+2}
   (You acquired it on level 14 of the Dungeon)

   Dex+2:     It affects your dexterity (+2).
   rN+:       It protects you from negative energy.
 T - a +0 kite shield
Jewellery
 h - an amulet of reflection (around neck)
 j - a ring of flight
 k - a +4 ring of slaying (left hand)
 G - a ring of see invisible
 L - a +4 ring of protection (right hand)
Wands
 b - a wand of digging (6)
 v - a wand of acid (9)
 M - a wand of flame (23)
 P - a wand of warping (16)
 X - a wand of paralysis (7)
Scrolls
 c - a scroll of brand weapon
 e - 9 scrolls of enchant weapon
 g - a scroll of torment
 i - 5 scrolls of fog
 n - a scroll of revelation
 o - 3 scrolls of poison
 q - a scroll of silence
 x - a scroll of amnesia
 z - a scroll of vulnerability
 H - a scroll of identify
 K - 3 scrolls of enchant armour
 R - 4 scrolls of teleportation
 V - 2 scrolls of immolation
Potions
 d - 11 potions of curing
 l - 4 potions of might
 u - 4 potions of resistance
 B - 2 potions of degeneration
 C - 2 potions of lignification
 F - 4 potions of brilliance
 J - a potion of haste
 N - 10 potions of ambrosia
 Q - 3 potions of enlightenment
 S - 5 potions of mutation
 U - a potion of magic


   Skills:
 - Level 10.2 Fighting
 - Level 6.9 Long Blades
 * Level 6.1(12.4) Axes
 - Level 16.6(17.0) Maces & Flails
 + Level 11.3 Armour
 - Level 8.2 Dodging
 - Level 11.6 Shields
 - Level 11.9 Invocations


You had 12 spell levels left.
You knew the following spells:

 Your Spells              Type           Power      Damage    Failure   Level
a - Passwall              Erth           0%         N/A       100%        3

Your spell library contained the following spells:

 Spells                   Type           Power      Damage    Failure   Level
 Kiss of Death            Conj/Necr      0%         2d5       99%         1
 Necrotise                Necr           0%         1d4       99%         1
 Shock                    Conj/Air       0%         1d3       99%         1
 Summon Small Mammal      Summ           0%         N/A       99%         1
 Cigotuvi's Dreadful Rot  Necr/Alch/Air  0%         N/A       100%        2
 Ensorcelled Hibernation  Hex/Ice        0%         N/A       100%        2
 Jinxbite                 Hex            0%         N/A       100%        2
 Call Canine Familiar     Summ           0%         N/A       100%        3
 Confusing Touch          Hex            0%         N/A       100%        3
 Frozen Ramparts          Ice            0%         1d1       100%        3
 Hailstorm                Conj/Ice       0%         3d5       100%        3
 Ozocubu's Armour         Ice            0%         N/A       100%        3
 Summon Ice Beast         Ice/Summ       0%         N/A       100%        3
 Swiftness                Air            0%         N/A       100%        3
 Teleport Other           Tloc           0%         N/A       100%        3
 Vampiric Draining        Necr           0%         2d6       100%        3
 Airstrike                Air            0%         2d(0-16)  100%        4
 Animate Armour           Summ/Erth      0%         N/A       100%        4
 Dispel Undead            Necr           0%         3d6       100%        4
 Leda's Liquefaction      Alch/Erth      0%         N/A       100%        4
 Martyr's Knell           Necr/Summ      0%         N/A       100%        4
 Summon Blazeheart Golem  Fire/Summ      0%         N/A       100%        4
 Summon Lightning Spire   Summ/Air       0%         N/A       100%        4
 Curse of Agony           Necr           0%         N/A       100%        5
 Lee's Rapid Deconstruct  Erth           0%         3d4*      100%        5
 Metabolic Englaciation   Hex/Ice        0%         N/A       100%        5
 Yara's Violent Unravell  Hex/Alch       0%         3d3       100%        5
 Dispersal                Tloc           0%         N/A       100%        6
 Gell's Gavotte           Tloc           0%         2d(11-16) 100%        6
 Permafrost Eruption      Ice/Erth       0%         2x4d2     100%        6
 Sculpt Simulacrum        Ice/Alch       0%         N/A       100%        6
 Enfeeble                 Hex            0%         N/A       100%        7
 Orb of Destruction       Conj           0%         9d5       100%        7
 Ozocubu's Refrigeration  Ice            0%         4d7       100%        7
 Spellforged Servitor     Conj/Summ      0%         N/A       100%        7
 Polar Vortex             Ice            0%         N/A       100%        9


Dungeon Overview and Level Annotations

Branches:
Dungeon (15/15)            Temple (0/1) D:6            Lair (5/5) D:8
 Shoals (1/4) Lair:2       Spider (0/4) Lair:3        Slime (0/5) Lair:4
    Orc (2/2) D:12            Elf (0/3) Orc:2        Vaults (0/5) D:14
 Depths (0/4) D:15         Bailey (visited)

Altars:
Ashenzari
Cheibriados
Elyvilon
Fedhas
Gozag
Hepliaklqana
Kikubaaqudgha
Qazlal
Ru
Sif Muna
Trog
The Shining One
Beogh
Jiyva
Lugonu

Shops:
D:5 (   D:11 ((   D:13 (   Orc:2 ([[*

Portals:
Abyss: Lair:3

Annotations:
D:3 1 runed translucent door, Crazy Yiuf
D:13 Azrael
Lair:1 exclusion: oklob plant
Lair:2 2 runed translucent doors, zenocrate's ghost, journeyman OpEE
Lair:3 2 transporters, scarr's ghost, journeyman DrAE
Orc:2 corrupted
Abyss:1 Sonja


Innate Abilities, Weirdness & Mutations

You regain HP and MP as you explore.
You occasionally shout uncontrollably at your foes.


Message History

Your merfolk closely misses the water nymph.
A sea snake comes into view.
You feel yourself speed up.
The faun shoots a sling bullet.
The sling bullet hits you but does no damage.
Your merfolk hits the water nymph with a +0 trident!!
Splash!
You fall into the shallow water.
Moving in this stuff is going to be slow.
The faun shoots a sling bullet.
The sling bullet hits you but does no damage.
Your merfolk barely misses the water nymph.
The faun unwields a +0 spear.
The faun wields a +0 sling.
The faun shoots a sling bullet.
You block the sling bullet with an invisible shield... and reflect it back!
The sling bullet completely misses the water nymph.
The sling bullet closely misses the faun.
Press: ? - help, Shift-Dir - straight line, f - water nymph
Aim: a water nymph (severely wounded, ally target, chance to affect: 24%)
Okay, then.
You closely miss the water nymph.
The water nymph is severely wounded.
You hit the water nymph.
The water nymph is severely wounded.
The faun shoots a sling bullet.
The sling bullet hits you.
* * * LOW HITPOINT WARNING * * *
The water nymph touches you. The water nymph drowns you!
* * * LOW HITPOINT WARNING * * *
Your merfolk closely misses the water nymph.
Okay, then.
You feel better.
The faun unwields a +0 quarterstaff.
The faun wields a +0 sling.
The faun shoots a sling bullet.
The sling bullet hits your merfolk!
Your water elemental hits the faun!
The faun shoots a sling bullet.
The sling bullet barely misses you. You block the sea snake's attack.
Okay, then.
A red film seems to cover your vision as you go berserk!
You feel yourself moving faster!
You feel mighty! The water nymph touches you. The water nymph drowns you!
You die...
Xom roars with laughter!

~~~≈≈≈≈≈≈≈≈≈≈≈≈≈≈≈
^~~~~≈≈≈≈≈≈≈≈≈≈≈≈≈≈≈≈≈≈≈≈≈≈≈
~~~~~~~≈≈~≈≈≈≈≈≈≈≈≈≈≈≈≈≈≈≈≈≈
.~~~c~~~~~~~≈≈≈~~~~~~~~≈≈≈≈≈
..~~E~~c~~~~~~~~~~~~~~~~≈≈≈≈
..~~~.~~~~~~~~~~~~~~~~~~~≈≈≈
#..~F.~~~~~~~~~~~~~~~P~~~~≈≈
#....~..~~..~~~~~P~~P~~~~~≈≈
##..c~~~m~m@~~~~~~...~~~~~≈≈
.(...~~~~~S~..~~~~..P~~~~~≈≈
#.....~~.~~~...>~~~P~~~~~~~≈
#...............~~~~~~~~~~~~
#..(.##../...##.~~~~P~~~~~~~
.~.. #......###~~..~~~~~~~≈
~. [~....#..~~~~~~~≈≈≈~~≈
..~.####...P~P~~P≈≈≈≈≈≈ ~~.
#...~~~P≈≈≈≈≈≈≈


You could see a sea snake, 3 fauns, a water nymph (ally target), a friendly
skyshark (summoned), a friendly merfolk (summoned) and a friendly water
elemental (summoned).

Vanquished Creatures
  Jorgrun (D:15)
  A storm dragon (D:14)
  An emperor scorpion (D:15)
  A dire elephant (D:15)
  A fire dragon (D:14)
  Fannar (D:10)
  A vault guard (D:14)
  A rakshasa (D:14)
  10 hydras
  An anaconda (Lair:4)
  3 centaur warriors
  3 catoblepae
  A death knight (D:8)
  A dancing weapon (D:14)
  2 boulder beetles
  3 tengu warriors
  9 death yaks (Lair:5)
  2 orc high priests (Orc:2)
  2 sea snakes
  2 goliath frogs (Lair:5)
  A deep elf archer (D:14)
  An arcanist (D:14)
  2 harpies (Lair:2)
  A necromancer (D:14)
  21 ugly things
  3 obsidian bats
  A deep elf pyromancer (D:15)
  4 manticores
  An orc sorcerer (Orc:1)
  7 cyclopes
  5 kobold blastminers
  2 gargoyles
  11 black mambas
  An unseen horror (D:10)
  34 cane toads
  3 rime drakes
  16 komodo dragons
  An efreet (D:14)
  A merfolk (Shoals:1)
  An unseen horror skeleton (D:8)
  A tengu conjurer (D:14)
  A queen bee (D:10)
  4 trolls
  2 polar bears
  2 wind drakes
  A hornet (D:9)
  2 tyrant leeches (Lair:5)
  25 blink frogs
  A blink frog (shapeshifter) (D:14)
  3 culicivoras (Lair:3)
  A shadow (D:11)
  2 wraiths (D:8)
  A water elemental (Shoals:1)
  7 slime creatures
  78 yaks
  3 fire bats (Lair:5)
  A vampire (D:10)
  8 wargs
  7 basilisks
  7 wyverns
  4 fire elementals
  2 steam dragons
  13 vampire mosquitoes
  2 acid dragons
  4 hell hounds
  24 water moccasins
  31 orc warriors
  A sky beast (D:7)
  2 ice beasts
  A black bear (Lair:4)
  2 ogres
  A boggart (D:14)
  6 centaurs
  11 wolves
  A spectral wyvern (D:8)
  2 kobold brigands (D:9)
  11 bullfrogs
  Blork the orc (D:4)
  A scorpion (D:6)
  13 wights
  A ballistomycete (D:4)
  33 killer bees
  5 electric eels
  A spectral centaur (D:8)
  5 howler monkeys
  A bombardier beetle (D:7)
  A human zombie (D:8)
  3 jellies
  A quasit (D:6)
  2 centaur skeletons (D:8)
  6 hounds
  14 orc priests
  2 sleepcaps (D:4)
  2 iguanas
  26 orc wizards
  7 hell rats (Lair:2)
  Terence (D:2)
  2 killer bee zombies (D:8)
  3 centaur simulacra
  A spectral howler monkey (D:8)
  2 howler monkey zombies (D:8)
  A killer bee simulacrum (D:8)
  6 adders
  5 gnolls
  A shadow imp (D:6)
  3 white imps (D:8)
  A howler monkey simulacrum (D:8)
  8 ufetubi
  3 ribbon worms (D:2)
  3 dart slugs (D:1)
  92 orcs
  3 endoplasms
  4 giant cockroaches
  9 goblins
  3 hobgoblins
  15 kobolds
  4 quokkas
  3 ball pythons
  16 bats
  4 frilled lizards
  5 rats
  A spectral orc (D:6)
763 creatures vanquished.

Vanquished Creatures (collateral kills)
  An ice beast (D:8)
  A howler monkey (D:8)
2 creatures vanquished.

Vanquished Creatures (others)
  Saint Roka (Orc:2)
  2 kobold blastminers (Orc:2)
  A yak (D:8)
  3 orc warriors (Orc:2)
  2 howler monkeys (D:8)
  An orc (Orc:2)
  A ball python zombie (D:4)
  2 starspawn tentacles (Orc:2)
13 creatures vanquished.

Grand Total: 778 creatures vanquished

Notes
Turn   | Place    | Note
-------+----------+-------------------------------------------
     0 | D:1      | KennySheep the Human Chaos Knight began the quest for the
                  | Orb.
     0 | D:1      | Reached XP level 1. HP: 18/18 MP: 1/1
   142 | D:1      | Reached XP level 2. HP: 24/24 MP: 2/2
   264 | D:1      | Found a faded altar of an unknown god.
   268 | D:1      | Prayed at the altar of an unknown god.
   268 | D:1      | Fell from the grace of Xom
   268 | D:1      | Became a worshipper of Lugonu the Unformed
   268 | D:1      | Reached * piety under Lugonu
   433 | D:1      | Reached XP level 3. HP: 29/29 MP: 3/3
   655 | D:2      | XOM: noise
   967 | D:2      | Noticed Terence
   971 | D:2      | Killed Terence
   972 | D:2      | Reached skill level 1 in Invocations
   972 | D:2      | Reached XP level 4. HP: 35/35 MP: 4/4
   980 | D:2      | Identified the +8 plate armour of the Shining Light {Int+3
                  | Dex+3}
  1640 | D:3      | Reached XP level 5. HP: 30/41 MP: 6/6
  1768 | D:3      | Reached ** piety under Lugonu
  1973 | D:3      | Found an opulent altar of Gozag.
  2147 | D:3      | Found a runed translucent door.
  2148 | D:3      | Noticed Crazy Yiuf
  2531 | D:4      | Reached XP level 6. HP: 42/48 MP: 7/7
  2635 | D:4      | Learned a level 3 spell: Passwall
  2668 | D:4      | Noticed Blork the orc
  2674 | D:4      | Killed Blork the orc
  2674 | D:4      | XOM: stat loss: -2 Dex (15/17)
  2875 | D:4      | XOM: blink monster(s)
  2889 | D:4      | Reached XP level 7. HP: 47/54 MP: 9/9
  2897 | D:4      | XOM: give mutations
  2897 | D:4      | Gained mutation: You passively map a small area around you.
                  | [Xom's mischief]
  2897 | D:4      | Gained mutation: You are partially covered in iridescent
                  | scales. (AC +2) [Xom's mischief]
  2897 | D:4      | Gained mutation: You are dopey. (Int -2) [Xom's mischief]
  2897 | D:4      | Gained mutation: You are mostly covered in iridescent
                  | scales. (AC +4) [Xom's mischief]
  3039 | D:4      | XOM: give mutations
  3039 | D:4      | Lost mutation: You are dopey. (Int -2) [Xom's mischief]
  3039 | D:4      | Gained mutation: Armour fits poorly on your strangely
                  | shaped body. [Xom's mischief]
  3039 | D:4      | Gained mutation: You are occasionally teleported next to
                  | monsters. [Xom's mischief]
  3039 | D:4      | Gained mutation: You occasionally lose the ability to drink
                  | potions when taking damage. [Xom's mischief]
  3218 | D:5      | Entered Level 5 of the Dungeon
  3557 | D:5      | XOM: summons 5 hostile demons
  3587 | D:5      | XOM: polymorph white imp -> cerulean imp
  3938 | D:5      | Found a bloodstained altar of Trog.
  4020 | D:5      | Identified the +3 falchion "Ahoen" {flame, Fly rN+ Str-2
                  | Int+3}
  4056 | D:5      | XOM: summons 2 hostile shadow creatures
  4070 | D:5      | Found Edeatuosh's Weapon Boutique.
  4178 | D:5      | Reached XP level 8. HP: 57/61 MP: 11/11
  4352 | D:6      | Found a staircase to the Ecumenical Temple.
  4376 | D:6      | XOM: summons 2 hostile shadow creatures
  4464 | D:6      | Identified the +4 falchion "Hosesm" {holy, Str+3}
  4471 | D:6      | Reached skill level 5 in Armour
  4512 | D:6      | Reached skill level 5 in Invocations
  4514 | D:6      | Reached skill level 5 in Long Blades
  4647 | D:6      | Reached skill level 5 in Fighting
  4788 | D:6      | XOM: 5-stop teleportation journey
  4807 | D:6      | Lost mutation: You are mostly covered in iridescent scales.
                  | (AC +4) [potion of mutation]
  4807 | D:6      | Lost mutation: You occasionally lose the ability to drink
                  | potions when taking damage. [potion of mutation]
  4807 | D:6      | Gained mutation: You are often teleported next to monsters.
                  | [potion of mutation]
  4808 | D:6      | Lost mutation: You passively map a small area around you.
                  | [potion of mutation]
  4808 | D:6      | Lost mutation: You are often teleported next to monsters.
                  | [potion of mutation]
  4808 | D:6      | Lost mutation: Armour fits poorly on your strangely shaped
                  | body. [potion of mutation]
  4808 | D:6      | Gained mutation: You are somewhat resistant to further
                  | mutation. [potion of mutation]
  4872 | D:6      | Reached *** piety under Lugonu
  5184 | D:6      | Reached XP level 9. HP: 62/68 MP: 13/13
  5446 | D:6      | XOM: polymorph white imp -> quasit
  5589 | D:6      | Found a hazy altar of Hepliaklqana.
  5711 | D:6      | XOM: noise
  5942 | D:7      | XOM: noise
  5963 | D:7      | Found a stormy altar of Qazlal.
  6242 | D:7      | Found a broken altar of Ashenzari.
  6617 | D:7      | Found a snail-covered altar of Cheibriados.
  6986 | D:8      | Noticed a polar bear
  6988 | D:8      | Banished a polar bear
  7006 | D:8      | Reached skill level 5 in Dodging
  7027 | D:8      | XOM: cloud trail
  7127 | D:8      | Noticed a death yak
  7135 | D:8      | XOM: noise
  7135 | D:8      | Banished a death yak
  7136 | D:8      | Reached XP level 10. HP: 46/77 MP: 15/15
  7318 | D:8      | Found a glowing golden altar of the Shining One.
  7338 | D:8      | Reached **** piety under Lugonu
  7363 | D:8      | Found a flagged portal.
  7369 | Bailey   | Entered a bailey
  7473 | Bailey   | Found a large runed translucent door.
  7473 | Bailey   | Found a large runed translucent door.
  7473 | Bailey   | Noticed an orc knight
  7541 | Bailey   | Noticed a deep elf pyromancer
  7541 | Bailey   | Found the +1 eveningstar "Brilliance" {foul flame, Umbra}
  7542 | Bailey   | Banished an orc knight
  7576 | Bailey   | Banished a deep elf pyromancer
  7579 | Bailey   | Identified the +3 pair of gloves of Idealism {Will++ Int+2
                  | Dex-3}
  7694 | Bailey   | Lost mutation: You are partially covered in iridescent
                  | scales. (AC +2) [potion of mutation]
  7694 | Bailey   | Lost mutation: You are occasionally teleported next to
                  | monsters. [potion of mutation]
  7694 | Bailey   | Lost mutation: You are somewhat resistant to further
                  | mutation. [potion of mutation]
  7694 | Bailey   | Gained mutation: You occasionally shout uncontrollably at
                  | your foes. [potion of mutation]
  7813 | D:8      | XOM: silly message
  7861 | D:8      | Found a white marble altar of Elyvilon.
  7861 | D:8      | Found a sacrificial altar of Ru.
  7908 | D:8      | Found a shimmering blue altar of Sif Muna.
  7960 | D:8      | Reached skill level 1 in Maces & Flails
  8001 | D:8      | Reached skill level 2 in Maces & Flails
  8003 | D:8      | XOM: silly message
  8012 | D:8      | Reached skill level 3 in Maces & Flails
  8084 | D:8      | Reached skill level 4 in Maces & Flails
  8108 | D:8      | XOM: silly message
  8121 | D:8      | Reached XP level 11. HP: 80/83 MP: 17/17
  8156 | D:8      | Reached skill level 5 in Maces & Flails
  8163 | D:8      | Found a staircase to the Lair.
  8194 | D:8      | XOM: silly message
  8202 | D:8      | Reached skill level 6 in Maces & Flails
  8571 | D:8      | XOM: noise
  8571 | D:8      | Was forgiven by Xom
  8585 | D:8      | Found an ancient bone altar of Kikubaaqudgha.
  8826 | D:8      | Reached skill level 7 in Maces & Flails
  8996 | D:8      | Noticed a death knight
  9087 | D:9      | Paralysed by a hornet for 2 turns
  9173 | D:9      | Found a blossoming altar of Fedhas.
  9286 | D:9      | Reached skill level 8 in Maces & Flails
  9924 | D:10     | Entered Level 10 of the Dungeon
  9949 | D:10     | Noticed Fannar
 10007 | D:10     | Killed Fannar
 10008 | D:10     | Reached skill level 9 in Maces & Flails
 10531 | D:10     | Noticed a catoblepas
 10592 | D:10     | Reached skill level 10 in Maces & Flails
 10909 | D:10     | Killed a catoblepas
 10909 | D:10     | Reached ***** piety under Lugonu
 10910 | D:10     | Reached XP level 12. HP: 68/89 MP: 18/18
 11075 | D:10     | Identified the +6 long sword of the Lesser Evil {antimagic,
                  | rCorr Int+3}
 11245 | D:10     | Reached skill level 11 in Maces & Flails
 11977 | D:11     | Reached skill level 12 in Maces & Flails
 12251 | D:11     | Found a sacrificial altar of Ru.
 12462 | D:11     | Found Qanu's Weapon Shop.
 12775 | D:11     | Found Davoer's Antique Weapon Boutique.
 12990 | D:8      | Identified the +4 dagger "Archiolo" {pain, Str+6}
 13464 | D:12     | Noticed a six-headed hydra
 13488 | D:11     | Reached skill level 13 in Maces & Flails
 13732 | Lair:1   | Entered Level 1 of the Lair of Beasts
 14308 | Lair:1   | Reached skill level 14 in Maces & Flails
 14562 | Lair:1   | Reached XP level 13. HP: 62/95 MP: 19/19
 14790 | Lair:1   | Reached skill level 15 in Maces & Flails
 15550 | Lair:2   | Found a large runed translucent door.
 15551 | Lair:2   | Found a large runed translucent door.
 15557 | Lair:2   | Noticed zenocrate's ghost (journeyman OpEE)
 15780 | Lair:2   | Reached skill level 16 in Maces & Flails
 16325 | Lair:2   | Found a staircase to the Shoals.
 17004 | Lair:3   | Noticed scarr's ghost (journeyman DrAE)
 17016 | Lair:3   | Found a transporter.
 17018 | Lair:3   | Found a transporter.
 17657 | Lair:3   | Identified the +1 pair of gloves of Vogaymy {rElec Stlth+}
 17681 | Lair:3   | Reached skill level 5 in Shields
 17955 | Lair:3   | Found a hole to the Spider Nest.
 18022 | Lair:3   | Found a one-way gate to the infinite horrors of the Abyss.
 18237 | Lair:4   | Reached XP level 14. HP: 80/103 MP: 20/20
 18347 | Lair:4   | Reached ****** piety under Lugonu
 19386 | Lair:4   | Found a staircase to the Slime Pits.
 19387 | Lair:4   | Found a viscous altar of Jiyva.
 19596 | Lair:5   | Entered Level 5 of the Lair of Beasts
 19596 | Lair:5   | Noticed Sonja
 19597 | Lair:5   | Banished Sonja
 20488 | D:12     | Found a staircase to the Orcish Mines.
 21169 | Orc:1    | Entered Level 1 of the Orcish Mines
 21180 | Orc:1    | Found a roughly hewn altar of Beogh.
 21620 | Orc:1    | Found a roughly hewn altar of Beogh.
 21777 | Orc:2    | Entered Level 2 of the Orcish Mines
 21842 | Orc:2    | Found a staircase to the Elven Halls.
 21846 | Orc:2    | Found a roughly hewn altar of Beogh.
 22587 | Orc:2    | Found a roughly hewn altar of Beogh.
 22599 | Orc:2    | Found Furrutso's Armour Emporium.
 22605 | Orc:2    | Bought the +3 pair of seven-league boots {Rampage+∞} for
                  | 680 gold pieces
 22605 | Orc:2    | Found the +3 pair of seven-league boots {Rampage+∞}
 22664 | Orc:2    | Found a roughly hewn altar of Beogh.
 22861 | Orc:2    | Noticed Saint Roka
 23266 | Orc:2    | Reached skill level 10 in Shields
 23399 | Orc:2    | Reached skill level 10 in Invocations
 23407 | Orc:2    | Found a roughly hewn altar of Beogh.
 23426 | Orc:2    | Found Vygidotz's Assorted Antiques.
 23431 | Orc:2    | Bought a sapphire ring for 145 gold pieces
 23431 | Orc:2    | Bought a thick beryl amulet for 145 gold pieces
 23746 | Orc:2    | Corrupted Orc:2
 23746 | Orc:2    | Noticed a tentacled starspawn
 23746 | Orc:2    | Noticed a starcursed mass
 23746 | Orc:2    | Noticed a deep elf elementalist
 23747 | Orc:2    | Noticed a starcursed mass
 23751 | Orc:2    | Killed Saint Roka
 23766 | Orc:2    | Found Qepoc's Antique Weapon Emporium.
 23767 | Orc:2    | Found a roughly hewn altar of Beogh.
 23771 | Orc:2    | Found Naroan's Antique Armour Shoppe.
 23798 | Orc:2    | Found a roughly hewn altar of Beogh.
 24497 | D:13     | Found Omiex's Weapon Boutique.
 24669 | D:13     | Reached XP level 15. HP: 97/112 MP: 22/22
 24794 | D:13     | Noticed Azrael
 25154 | Lair:5   | Reached skill level 10 in Armour
 27968 | D:14     | Identified a scroll of acquirement
 27969 | D:14     | Acquired the scarf of the Old and Reckless {rC+ rF+, rN+
                  | Dex+2}
 28018 | D:14     | Found a gate to the Vaults.
 28342 | D:14     | Reached XP level 16. HP: 93/122 MP: 24/24
 28547 | D:14     | Found a runed translucent door.
 28781 | D:14     | Got the Codex of Entrancing Fermentation
 28839 | D:14     | Found a shimmering blue altar of Sif Muna.
 29099 | D:14     | Reached skill level 10 in Fighting
 29210 | D:14     | Identified the +8 executioner's axe of the Destroying Gods
                  | {speed, *Slow rN+ Will+}
 29259 | D:14     | Noticed a storm dragon
 29268 | D:14     | Killed a storm dragon
 29471 | D:15     | Entered Level 15 of the Dungeon
 29492 | D:15     | Reached skill level 1 in Axes
 29889 | D:15     | Identified the +10 quarterstaff of Isiutoil {antimagic,
                  | rN+}
 29899 | D:15     | Noticed Jorgrun
 29910 | D:15     | Killed Jorgrun
 30007 | D:15     | Found a staircase to the Depths.
 30309 | D:15     | Found a stormy altar of Qazlal.
 30440 | D:15     | Acquired a manual of Armour
 30513 | D:15     | Reached skill level 5 in Axes
 31062 | Shoals:1 | Entered Level 1 of the Shoals
 31311 | Shoals:1 | HP: 2/122 [drowned by a water nymph (13)]
 31313 | Shoals:1 | Drowned by a water nymph

Illustrated notes

Levels and vault maps discovered:
D:1:      kilobyte_arrival_exit_the_forest, layout_rooms,
          shapermc_ecumenical_altar_hornbeckon, minmay_misc_feat_chi
D:2:      layout_basic, minmay_misc_feat_plants, uniq_terence
D:3:      layout_loops_ring, grunt_gozag_statues, uniq_crazy_yiuf_cottage
D:4:      layout_basic, minmay_a_box_with_orc_wizards_in_it, uniq_blork_the_orc
D:5:      layout_basic, lemuel_crystal_altar, serial_shops,
          nicolae_shop_real_fake_doors, chequers_serial_rivers_micro_e,
          dreamdust_gnoll_farm
D:6:      layout_cave_pods, nicolae_hepliaklqana_monster_ancestors,
          minmay_temple_entry_mist
D:7:      layout_loops_corners, mainiacjoe_overflow_alcove_4, lemuel_tele_altar,
          mainiacjoe_overflow_boulevard
D:8:      layout_basic, mainiacjoe_overflow_divided_tiny, tso_altar,
          lemuel_mausoleum_altar_kikubaaqudgha, mainiacjoe_overflow_24_doors,
          minmay_lair_entry_grove, enter_bailey_3, serial_ice, serial_ice_d,
          serial_ice_g, serial_ice_m, serial_ice_h, serial_ice_k,
          dilly_guarded_unrand_morg
D:9:      layout_big_octagon, nicolae_overflow_crystal_walls
D:10:     layout_loops_ring, special_room [special_room_bee], glass_columns_c,
          minmay_fractal_squares_gapless_7, uniq_fannar
D:11:     layout_basic, serial_shops, shop, kennysheep_mini,
          nicolae_ru_the_path_less_chosen
D:12:     layout_cave_pools, orc_david_3
D:13:     layout_roguey, serial_shops, shop, corexii_corridor_pit, uniq_azrael
D:14:     layout_long_grid, erik_vaults_1, hangedman_abyss_or_decor_stagger,
          gauntlet_entry_generic, serial_library,
          serial_library_hellmonk_hallway_b, serial_library_hellmonk_hallway_a,
          serial_library_hellmonk_metal_room,
          serial_library_hellmonk_statue_hall,
          serial_library_hellmonk_big_corner, serial_bayou_pond_d,
          lightli_airlock
D:15:     hangedman_depths_entry_try_elsewhere_first, layout_long_grid,
          amcnicky_mini_pool_small, grunt_qazlal_clouds, uniq_jorgrun
Lair:1:   layout_gridlike, minmay_lair_oklob_bushes, beast_lair_carwin_7
Lair:2:   layout_big_grid, nicolae_shoals_entry_roost,
          ebering_ghost_disaster_area, nicolae_quartered_pool_medium,
          serial_bayou_shore_b, grunt_megastairs_1
Lair:3:   layout_cellular_growth, hellmonk_spider_entry_life_and_decay,
          gammafunk_ghost_abyssal_escape, chequers_serial_rivers_small_a
Lair:4:   beast_lair_carwin_large_4, layout_cave_pods, slime_entry_1,
          roderic_batcave
Lair:5:   minmay_lair_end_frog_pond, layout_cave_pods,
          nicolae_volcano_entry_batcave, infiniplex_staircase_pool,
          serial_bayou_shore_a, uniq_sonja
Shoals:1: layout_shoals, serial_shops, nicolae_shop_overgrown_old_shop
Orc:1:    layout_caves, basic_altar, lemuel_statue_altar,
          nicolae_orc_quarried_blocks
Orc:2:    grunt_orc_community_town_hall, layout_diamond_mine,
          grunt_orc_community_big_house_2, grunt_orc_community_big_house_2,
          grunt_orc_community_house_2, grunt_orc_community_house_2,
          grunt_orc_community_house_1, grunt_orc_community_house_3,
          grunt_orc_community_house_1

Skill      XL: |  1  2  3  4  5  6  7  8  9 10 11 12 13 14 15 16 |
---------------+-------------------------------------------------+-----
Dodging        | 2 3 4 5 6 7 8 |  8.2
Invocations    | 1 2 3 4 6 7 8 9 10 11 | 11.9
Armour         | 3 4 6 7 8 9 11 | 11.3
Long Blades    | 4 5 6 |  6.9
Fighting       | 4 5 6 7 8 9 10 | 10.2
Maces & Flails | 4 10 14 16 | 16.6
Shields        | 6 10 11 | 11.6
Axes           | 6 |  6.1

Action                     |  1- 3 |  4- 6 |  7- 9 | 10-12 | 13-15 | 16-18 || total
---------------------------+-------+-------+-------+-------+-------+-------++-------
  Melee: Falchion          |    65 |   131 |   293 |    86 |       |       ||   575
         Eveningstar       |       |       |       |   674 |  1591 |   268 ||  2533
         Executioner's axe |       |       |       |       |       |    46 ||    46
   Fire: Sling             |     1 |       |       |       |       |       ||     1
 Invoke: Banish            |       |       |     2 |     4 |    10 |       ||    16
         Corrupt           |       |       |       |       |     1 |       ||     1
    Use: Scroll            |       |     6 |     9 |     5 |    12 |     4 ||    36
         Potion            |       |     1 |     4 |     8 |     4 |     4 ||    21
   Stab: Confused          |       |     1 |       |       |       |       ||     1
         Paralysed         |       |       |     1 |       |       |       ||     1
 Armour: Leather armour    |    40 |       |       |       |       |       ||    40
         Plate armour      |       |   139 |   470 |   975 |  1181 |   226 ||  2991
  Dodge: Dodged            |    37 |    20 |   105 |   330 |   372 |    43 ||   907
  Block: Kite shield       |       |       |       |       |   737 |   179 ||   916
         Other             |       |       |       |       |       |     8 ||     8
         Reflection        |       |       |       |       |       |     8 ||     8

Table legend: (Time is in decaauts)
 A = Elapsed time spent in this place.
 B = Non-inter-level travel time spent in this place.
 C = Inter-level travel time spent in this place.
 D = Time resting spent in this place.
 E = Time spent auto-exploring this place.
 F = Levels seen in this place.
 G = Mean time per level.
                   A        B        C        D        E       F      G
               +--------+--------+--------+--------+--------+-----+--------+
         Total |  31070 |  28710 |   2360 |   6162 |  15678 |  24 | 1294.6 |
       Dungeon |  18753 |  17091 |   1662 |   2946 |   9974 |  15 | 1250.2 |
          Lair |   8635 |   8137 |    498 |   2145 |   4343 |   5 | 1727.0 |
        Shoals |    198 |    198 |      0 |     60 |     45 |   1 |  198.0 |
  Orcish Mines |   3054 |   2856 |    198 |    910 |   1149 |   2 | 1527.0 |
        Bailey |    427 |    427 |      0 |    100 |    166 |   1 |  427.0 |
               +--------+--------+--------+--------+--------+-----+--------+

Top non-repeatable levels by time:
    D:10: 2087 daAuts
  Lair:5: 2012 daAuts
  Lair:4: 1996 daAuts
   Orc:2: 1987 daAuts
     D:8: 1969 daAuts
    D:14: 1735 daAuts
  Lair:1: 1647 daAuts
     D:7: 1553 daAuts
     D:6: 1535 daAuts
  Lair:2: 1513 daAuts
  Lair:3: 1466 daAuts
     D:5: 1292 daAuts
    D:11: 1161 daAuts
    D:15: 1132 daAuts
    D:12: 1122 daAuts
